[Event "45th FIDE Womens Olympiad 2024"]
[Site "Budapest"]
[Date "2024.09.11"]
[Round "1.41"]
[White "Kamalidenova, Meruert"]
[Black "Quevedo, Andreina"]
[Result "1-0"]
[ECO "C41"]
[WhiteElo "2352"]
[BlackElo "1851"]
[Annotator "ChessBase"]
[PlyCount "47"]
[EventDate "2024.09.05"]
[EventType "team-tourn"]
[EventCountry "HUN"]
[SourceTitle "playchess.com"]
[Source "ChessBase"]
[SourceQuality "1"]
[WhiteTeam "Kazakhstan"]
[BlackTeam "Uruguay"]
[WhiteTeamCountry "KAZ"]
[BlackTeamCountry "URU"]
[TimeControl "40/5400+30:1800+30"]

1. e4 d6 2. d4 Nf6 3. Nc3 e5 4. Nf3 Nbd7 5. Bc4 Be7 6. O-O O-O 7. a4 c6 8. Re1 h6 9. h3 Re8 10. Ba2 exd4 11. Nxd4 Bf8 12. Bf4 Qc7 13. Qf3 Ne5 14. Qe2 Rb8 15. Qd2 Kh7 16. Bh2 a6 17. f4 Ng6 18. Kh1 b5 19. e5 dxe5 20. fxe5 Nd5 21. Bxd5 cxd5 22. e6 Bd6 23. Nxd5 Qc5 24. Nb3 1-0

[Event "45th FIDE Womens Olympiad 2024"]
[Site "Budapest"]
[Date "2024.09.11"]
[Round "1.42"]
[White "Fabra, Nahiara"]
[Black "Balabayeva, Xeniya"]
[Result "0-1"]
[ECO "B15"]
[WhiteElo "1932"]
[BlackElo "2335"]
[Annotator "ChessBase"]
[PlyCount "78"]
[EventDate "2024.09.05"]
[EventType "team-tourn"]
[EventCountry "HUN"]
[SourceTitle "playchess.com"]
[Source "ChessBase"]
[SourceQuality "1"]
[WhiteTeam "Uruguay"]
[BlackTeam "Kazakhstan"]
[WhiteTeamCountry "URU"]
[BlackTeamCountry "KAZ"]
[TimeControl "40/5400+30:1800+30"]

1. e4 c6 2. d4 d5 3. Nc3 dxe4 4. Nxe4 Nf6 5. Nxf6+ exf6 6. c3 Bd6 7. Bd3 O-O 8. Ne2 Re8 9. Qc2 h5 10. Be3 Nd7 11. O-O h4 12. h3 Nf8 13. Rad1 Bd7 14. c4 Rc8 15. Rfe1 Bb8 16. Qb3 b6 17. c5 Be6 18. Qc2 b5 19. Bf4 Qa5 20. Bxb8 Rxb8 21. Be4 Rbc8 22. a3 g6 23. Nf4 f5 24. Bxc6 Bb3 25. Qc1 Rxe1+ 26. Rxe1 Rxc6 27. Re8 Qc7 28. Qe3 Qd7 29. Re7 Re6 30. Nxe6 Qxe7 31. Qxb3 Nxe6 32. Qe3 Qd7 33. b4 Qxd4 34. Qe2 a6 35. Qf3 Qa1+ 36. Kh2 Qe5+ 37. Kg1 Nd4 38. Qa8+ Kg7 39. Qxa6 Qe1+ 0-1

[Event "45th FIDE Womens Olympiad 2024"]
[Site "Budapest"]
[Date "2024.09.11"]
[Round "1.43"]
[White "Nurman, Alua"]
[Black "Silva Rosas, Natalia"]
[Result "1-0"]
[ECO "B01"]
[WhiteElo "2324"]
[BlackElo "1868"]
[Annotator "ChessBase"]
[PlyCount "85"]
[EventDate "2024.09.05"]
[EventType "team-tourn"]
[EventCountry "HUN"]
[SourceTitle "playchess.com"]
[Source "ChessBase"]
[SourceQuality "1"]
[WhiteTeam "Kazakhstan"]
[BlackTeam "Uruguay"]
[WhiteTeamCountry "KAZ"]
[BlackTeamCountry "URU"]
[TimeControl "40/5400+30:1800+30"]

1. e4 d5 2. exd5 Qd7 3. d6 Qxd6 4. Nc3 c6 5. d4 Bg4 6. Nf3 Nf6 7. Be2 Bh5 8. h3 e6 9. O-O Nbd7 10. Bg5 Qc7 11. Bh4 Bd6 12. Bg3 Bg6 13. Ne5 Rd8 14. Re1 Bf5 15. Bd3 Bxd3 16. Qxd3 O-O 17. Rad1 Nb6 18. Qf3 Nbd5 19. Na4 Ne7 20. Bh4 Nd7 21. Nc3 Nxe5 22. dxe5 Bb4 23. Rxd8 Rxd8 24. Qg4 Bxc3 25. Bf6 g6 26. bxc3 Rd7 27. Qg5 Qd8 28. c4 Qf8 29. g4 h6 30. Qe3 b5 31. Qc5 Qe8 32. Rb1 Kh7 33. cxb5 cxb5 34. Qxb5 Ng8 35. g5 Nxf6 36. gxf6 Qd8 37. c4 g5 38. c5 Rd5 39. Qc4 Rxe5 40. c6 Kg6 41. c7 Qc8 42. Qd3+ Kh5 43. Qd8 1-0

[Event "45th FIDE Womens Olympiad 2024"]
[Site "Budapest"]
[Date "2024.09.11"]
[Round "1.44"]
[White "Cardozo, Camila"]
[Black "Kairbekova, Amina"]
[Result "0-1"]
[ECO "E92"]
[WhiteElo "1673"]
[BlackElo "2243"]
[Annotator "ChessBase"]
[PlyCount "74"]
[EventDate "2024.09.05"]
[EventType "team-tourn"]
[EventCountry "HUN"]
[SourceTitle "playchess.com"]
[Source "ChessBase"]
[SourceQuality "1"]
[WhiteTeam "Uruguay"]
[BlackTeam "Kazakhstan"]
[WhiteTeamCountry "URU"]
[BlackTeamCountry "KAZ"]
[TimeControl "40/5400+30:1800+30"]

1. d4 Nf6 2. Nf3 g6 3. c4 Bg7 4. Nc3 d6 5. e4 O-O 6. Be2 e5 7. d5 a5 8. Bg5 h6 9. Bh4 Na6 10. O-O Nc5 11. Nd2 Bd7 12. Qc2 Qe8 13. b3 Nh7 14. f3 Bf6 15. Bf2 b6 16. a3 Bg5 17. Rfb1 a4 18. Bxc5 axb3 19. Qxb3 Bxd2 20. Bf2 Bxc3 21. Qxc3 f5 22. exf5 gxf5 23. Bd1 Nf6 24. Bc2 Rf7 25. Qd2 Rg7 26. a4 Qg6 27. Be3 Qh5 28. Bxh6 Rg6 29. Be3 Kf7 30. Bf2 Rag8 31. Bg3 Rh6 32. Kf1 f4 33. Bf2 Qxh2 34. Bg1 Qh1 35. Be4 Rh2 36. Rb2 Rhxg2 37. Qxg2 Bh3 0-1

[Event "45th FIDE Womens Olympiad 2024"]
[Site "Budapest"]
[Date "2024.09.11"]
[Round "1.45"]
[White "Johnson, Gabriella"]
[Black "Mkrtchian, Lilit"]
[Result "0-1"]
[ECO "B13"]
[WhiteElo "1896"]
[BlackElo "2366"]
[Annotator "ChessBase"]
[PlyCount "66"]
[EventDate "2024.09.05"]
[EventType "team-tourn"]
[EventCountry "HUN"]
[SourceTitle "playchess.com"]
[Source "ChessBase"]
[SourceQuality "1"]
[WhiteTeam "Trinidad & Tobago"]
[BlackTeam "Armenia"]
[BlackTeamCountry "ARM"]
[TimeControl "40/5400+30:1800+30"]

1. e4 c6 2. d4 d5 3. exd5 cxd5 4. Bd3 Nc6 5. c3 e6 6. Bf4 Bd6 7. Bxd6 Qxd6 8. Nf3 Nge7 9. O-O O-O 10. Re1 Bd7 11. Nbd2 f6 12. c4 g5 13. c5 Qc7 14. h3 Kh8 15. a3 a5 16. Nf1 Rg8 17. g3 e5 18. dxe5 fxe5 19. Bb5 e4 20. Nd4 Bxh3 21. Ne3 Qe5 22. Bxc6 Nxc6 23. Qh5 Nxd4 24. Qxh3 Nf3+ 25. Kg2 Nxe1+ 26. Rxe1 Raf8 27. Rh1 Rg7 28. Rb1 d4 29. Ng4 Qxc5 30. b4 Qc2 31. Rf1 e3 32. Qh6 e2 33. Re1 Qe4+ 0-1

[Event "45th FIDE Womens Olympiad 2024"]
[Site "Budapest"]
[Date "2024.09.11"]
[Round "1.46"]
[White "Mkrtchyan, Mariam"]
[Black "Hermoso Rodriguez, Ysvett"]
[Result "1-0"]
[ECO "E06"]
[WhiteElo "2328"]
[BlackElo "1943"]
[Annotator "TA"]
[PlyCount "143"]
[EventDate "2024.09.05"]
[EventType "team-tourn"]
[EventCountry "HUN"]
[SourceTitle "playchess.com"]
[Source "ChessBase"]
[SourceQuality "1"]
[WhiteTeam "Armenia"]
[BlackTeam "Trinidad & Tobago"]
[WhiteTeamCountry "ARM"]
[TimeControl "40/5400+30:1800+30"]

1. d4 d5 2. Nf3 Nf6 3. c4 c6 4. Qc2 e6 5. g3 Be7 6. Bg2 O-O 7. O-O dxc4 8. Qxc4 b5 9. Qd3 Bb7 10. Ne5 Qb6 {The position is equal.} 11. Nc3 Rd8 12. Be3 Nbd7 {[#]} (12... Nd5 $11) 13. Nxd7 (13. d5 $1 $16 c5 (13... Nc5 $2 14. dxc6 Ba6 15. Qc2 $18) 14. Nc6) 13... Rxd7 $11 14. Rac1 Rc8 15. Rfd1 a6 16. Ne4 Rcd8 (16... Nxe4 $11 {should be considered.} 17. Qxe4 (17. Bxe4 c5 $11) 17... a5) 17. Qc2 $14 {[%cal Od4d5] White is more active.} Nd5 18. Bd2 h6 (18... Nf6 $14) 19. e3 f5 20. Nc5 Bxc5 21. dxc5 Qc7 22. e4 Nf6 23. exf5 exf5 24. Bf4 Rxd1+ 25. Rxd1 Rxd1+ 26. Qxd1 Qd7 {Black is weak on the dark squares} 27. Qxd7 Nxd7 {[%mdl 4096] Endgame. KBB-KBN} 28. Bh3 Nxc5 29. Bxf5 Kf7 30. Be5 g6 31. Bc2 Bc8 32. Bd4 Nb7 33. Be4 Bd7 34. h4 Nd6 35. Bg2 a5 36. b3 Nb7 37. Kf1 Ke6 38. Ke2 Kd6 39. Ke3 Bf5 40. Bg7 h5 41. a3 Nd8 42. Bf3 Bc2 43. Bf8+ Kd7 44. b4 a4 (44... Ne6 $11 45. Bh6 a4) 45. Kd2 Bf5 46. Bc5 ({Better is} 46. Kc3 $16) 46... Ne6 (46... Nf7 $11) 47. Be3 Kd6 48. Kc3 Bb1 49. Ba7 Bf5 50. Bb8+ Kd7 51. Be2 Be4 52. Be5 Bf5 53. f3 {Black must now prevent g4.} Bb1 {[#]} (53... g5 $16 54. hxg5 Nxg5) 54. g4 (54. Kb2 $1 $18 Bf5 55. g4 hxg4 56. fxg4) 54... hxg4 $2 (54... g5 $16) 55. fxg4 $18 Ke8 56. Bf3 Kd7 57. Be2 $2 {This pair of bishops is nice.} ({White should try} 57. h5 $18) 57... Be4 $2 (57... Ke8 $1 $11) 58. Kd2 Nf8 $2 (58... Ke7 59. Ke3 Bc2) 59. Ke3 Bb1 60. h5 gxh5 61. gxh5 Ke6 62. Bg7 Nh7 63. Kd4 Ba2 $2 (63... Ng5 64. Bg4+ Ke7) 64. Kc5 Bd5 65. h6 Kf7 {[#]} 66. Bxb5 $1 Ng5 (66... Be6 67. Bxa4) 67. Bxc6 Bb3 68. b5 {[%cal Bb4b5,Bb5b6][%mdl 32] White wants to mate with b6.} Ne6+ 69. Kd6 {White mates.} Nd8 70. b6 Bd1 71. Bd5+ Kg6 72. Ke7 {Weighted Error Value: White=0.19 (very precise) /Black=0.39.  Loses game:     	---       	Black=2      Missed win:     	White=1     	---        Mistake:       	White=3     	Black=8      Inaccurate:     	White=4     	Black=4      OK:         	White=22    	Black=13     Best:        	White=2     	Black=3} 1-0

[Event "45th FIDE Womens Olympiad 2024"]
[Site "Budapest"]
[Date "2024.09.11"]
[Round "1.47"]
[White "La Fleur, Zara"]
[Black "Sargsyan, Anna M."]
[Result "0-1"]
[ECO "B13"]
[WhiteElo "1773"]
[BlackElo "2364"]
[Annotator "ChessBase"]
[PlyCount "76"]
[EventDate "2024.09.05"]
[EventType "team-tourn"]
[EventCountry "HUN"]
[SourceTitle "playchess.com"]
[Source "ChessBase"]
[SourceQuality "1"]
[WhiteTeam "Trinidad & Tobago"]
[BlackTeam "Armenia"]
[BlackTeamCountry "ARM"]
[TimeControl "40/5400+30:1800+30"]

1. e4 c6 2. d4 d5 3. exd5 cxd5 4. Bd3 Nc6 5. c3 Nf6 6. Bf4 g6 7. Nf3 Bg7 8. O-O O-O 9. Nbd2 Bf5 10. Qc2 Bxd3 11. Qxd3 Rc8 12. Rfe1 Re8 13. h3 Qb6 14. Rab1 Nh5 15. Bh2 Bh6 16. Ne5 Nxe5 17. Rxe5 e6 18. Nb3 Nf6 19. Nc5 Qc6 20. Ree1 b6 21. Nb3 a5 22. Nd2 b5 23. Nb3 a4 24. Nc5 Bf8 25. Qf3 Bxc5 26. Qxf6 Be7 27. Qe5 a3 28. Re3 b4 29. Bf4 axb2 30. cxb4 Qc2 31. Ree1 Bxb4 32. Red1 Bf8 33. Qe3 Bg7 34. Kh2 Rc3 35. Qe1 Rec8 36. Rd2 Qf5 37. Be3 Rc1 38. Rd1 Qxb1 0-1

[Event "45th FIDE Womens Olympiad 2024"]
[Site "Budapest"]
[Date "2024.09.11"]
[Round "1.48"]
[White "Gaboyan, Susanna"]
[Black "James, Shemilah"]
[Result "1-0"]
[ECO "A07"]
[WhiteElo "2180"]
[BlackElo "1774"]
[Annotator "ChessBase"]
[PlyCount "79"]
[EventDate "2024.09.05"]
[EventType "team-tourn"]
[EventCountry "HUN"]
[SourceTitle "playchess.com"]
[Source "ChessBase"]
[SourceQuality "1"]
[WhiteTeam "Armenia"]
[BlackTeam "Trinidad & Tobago"]
[WhiteTeamCountry "ARM"]
[TimeControl "40/5400+30:1800+30"]

1. Nf3 d5 2. g3 Nf6 3. Bg2 c6 4. O-O Bg4 5. d3 e6 6. Nbd2 Bc5 7. e4 O-O 8. c3 h6 9. e5 Nfd7 10. Re1 Bb6 11. Nf1 c5 12. h3 Bh5 13. g4 Bg6 14. Ng3 Nc6 15. h4 Qc7 16. h5 Bh7 17. g5 hxg5 18. Bxg5 Rfe8 19. h6 f6 20. exf6 gxf6 21. Bh4 Qf4 22. Qd2 Qxd2 23. Nxd2 Bxd3 24. Nh5 Kf7 25. Bh3 f5 26. Nf3 Bd8 27. Ng7 Rg8 28. Bxd8 Raxd8 29. Ng5+ Kf6 30. N5xe6 Rxg7+ 31. Nxg7 Nde5 32. Bg2 Rh8 33. Nh5+ Kg5 34. Ng7 Rxh6 35. Bxd5 Rg6 36. Ne6+ Kf6+ 37. Kh1 Rh6+ 38. Kg2 Rg6+ 39. Kh3 Rh6+ 40. Kg3 1-0

[Event "45th FIDE Womens Olympiad 2024"]
[Site "Budapest"]
[Date "2024.09.11"]
[Round "1.49"]
[White "Salimova, Nurgyul"]
[Black "Charinda, Kudzanayi"]
[Result "1-0"]
[ECO "D03"]
[WhiteElo "2412"]
[BlackElo "1854"]
[Annotator "ChessBase"]
[PlyCount "87"]
[EventDate "2024.09.05"]
[EventType "team-tourn"]
[EventCountry "HUN"]
[SourceTitle "playchess.com"]
[Source "ChessBase"]
[SourceQuality "1"]
[WhiteTeam "Bulgaria"]
[BlackTeam "Zimbabwe"]
[WhiteTeamCountry "BUL"]
[BlackTeamCountry "ZIM"]
[TimeControl "40/5400+30:1800+30"]

1. d4 Nf6 2. Nf3 e6 3. Bg5 d5 4. e3 Be7 5. Nbd2 Nbd7 6. Bd3 b6 7. a4 a5 8. c3 Bb7 9. Qc2 h6 10. Bh4 Qc8 11. O-O Ba6 12. Bxa6 Rxa6 13. Rae1 O-O 14. Ne5 c5 15. f4 Ra7 16. Re2 Nb8 17. g4 Nc6 18. Qb1 Nxe5 19. fxe5 Ne4 20. Bxe7 Nxd2 21. Rxd2 Rxe7 22. Rg2 Qe8 23. h4 f6 24. exf6 Rxf6 25. Rxf6 gxf6 26. Qf1 Kg7 27. g5 fxg5 28. hxg5 Qf7 29. gxh6+ Kh8 30. Qxf7 Rxf7 31. Rg6 Re7 32. Kf2 Kh7 33. Rf6 cxd4 34. exd4 e5 35. Ke3 exd4+ 36. Kxd4 Re4+ 37. Kxd5 Rxa4 38. Rxb6 Rh4 39. c4 Rh5+ 40. Kc6 Rxh6+ 41. Kb7 Rh4 42. c5 Rc4 43. c6 Rc2 44. c7 1-0

[Event "45th FIDE Womens Olympiad 2024"]
[Site "Budapest"]
[Date "2024.09.11"]
[Round "1.50"]
[White "Makwena, Christine"]
[Black "Radeva, Viktoria"]
[Result "0-1"]
[ECO "C00"]
[WhiteElo "1860"]
[BlackElo "2297"]
[Annotator "ChessBase"]
[PlyCount "124"]
[EventDate "2024.09.05"]
[EventType "team-tourn"]
[EventCountry "HUN"]
[SourceTitle "playchess.com"]
[Source "ChessBase"]
[SourceQuality "1"]
[WhiteTeam "Zimbabwe"]
[BlackTeam "Bulgaria"]
[WhiteTeamCountry "ZIM"]
[BlackTeamCountry "BUL"]
[TimeControl "40/5400+30:1800+30"]

1. e4 e6 2. d3 d5 3. Nd2 Nc6 4. Ngf3 Nf6 5. g3 dxe4 6. dxe4 Bc5 7. Bg2 e5 8. O-O a5 9. c3 Qd3 10. Ne1 Qd6 11. Qc2 Be6 12. Nb3 Ba7 13. Nf3 a4 14. Nbd2 O-O 15. Ng5 Rfd8 16. Nxe6 Qxe6 17. h3 h6 18. Re1 b5 19. Nf1 Na5 20. Be3 c6 21. Red1 Rxd1 22. Qxd1 Nc4 23. Bxa7 Rxa7 24. Qe2 Qe7 25. Rd1 Rd7 26. Rxd7 Nxd7 27. Ne3 Nxe3 28. Qxe3 Qd6 29. Qe2 Nc5 30. Bf1 Kf8 31. Kg2 Qg6 32. f3 Qd6 33. Qc2 Ke7 34. Qe2 g5 35. Qe3 Ne6 36. Be2 h5 37. Qa7+ Kf8 38. Qe3 Qc5 39. Qxc5+ Nxc5 40. Kf2 Ke7 41. Ke3 Ne6 42. Kf2 h4 43. Bf1 Kd6 44. Kg2 Kc5 45. a3 Nf8 46. f4 exf4 47. gxf4 gxf4 48. Kf3 Ng6 49. Kg4 Kd6 50. Kf5 f3 51. Kg4 f2 52. Kf3 Ke5 53. Kxf2 Kf4 54. c4 bxc4 55. Bxc4 Ne5 56. Ba6 Kxe4 57. Ke2 f5 58. Kd2 Kd4 59. Be2 f4 60. Bd1 f3 61. Bxa4 Nc4+ 62. Ke1 Ke5 0-1

[Event "45th FIDE Womens Olympiad 2024"]
[Site "Budapest"]
[Date "2024.09.11"]
[Round "1.51"]
[White "Krasteva, Beloslava"]
[Black "Shaba, Linda Dalitso"]
[Result "1-0"]
[ECO "D02"]
[WhiteElo "2295"]
[BlackElo "1831"]
[Annotator "ChessBase"]
[PlyCount "93"]
[EventDate "2024.09.05"]
[EventType "team-tourn"]
[EventCountry "HUN"]
[SourceTitle "playchess.com"]
[Source "ChessBase"]
[SourceQuality "1"]
[WhiteTeam "Bulgaria"]
[BlackTeam "Zimbabwe"]
[WhiteTeamCountry "BUL"]
[BlackTeamCountry "ZIM"]
[TimeControl "40/5400+30:1800+30"]

1. d4 e6 2. Bf4 d5 3. Nf3 Nf6 4. e3 c5 5. Nbd2 Nc6 6. c3 Be7 7. Bd3 Bd7 8. Ne5 cxd4 9. exd4 Qb6 10. Rb1 Rc8 11. Qf3 Na5 12. g4 Bb5 13. Bc2 Nc6 14. a4 Ba6 15. Be3 Qc7 16. Nxf7 Kxf7 17. g5 Rcf8 18. h4 Ke8 19. gxf6 Bxf6 20. Qg4 Nd8 21. Bxh7 Qe7 22. Bg6+ Kd7 23. h5 Nf7 24. Nf3 Nh6 25. Qh3 b6 26. Kd2 Bc8 27. Rhe1 Kc7 28. Qg3+ Kb7 29. a5 b5 30. Bf4 Qd8 31. Ra1 a6 32. Bd6 Rfg8 33. Be5 Rf8 34. Bd6 Rfg8 35. b3 Qd7 36. Bc5 Qc7 37. Ne5 Be7 38. Nf7 Qxg3 39. fxg3 Nxf7 40. Bxe7 Nh6 41. Bd6 Kc6 42. Bf4 Rf8 43. c4 Nf5 44. cxd5+ exd5 45. Rac1+ Kb7 46. Bxf5 Bxf5 47. Re7+ 1-0

[Event "45th FIDE Womens Olympiad 2024"]
[Site "Budapest"]
[Date "2024.09.11"]
[Round "1.52"]
[White "Wakuruwarewa, Colletta"]
[Black "Peycheva, Gergana"]
[Result "0-1"]
[ECO "D02"]
[WhiteElo "1814"]
[BlackElo "2248"]
[Annotator "ChessBase"]
[PlyCount "72"]
[EventDate "2024.09.05"]
[EventType "team-tourn"]
[EventCountry "HUN"]
[SourceTitle "playchess.com"]
[Source "ChessBase"]
[SourceQuality "1"]
[WhiteTeam "Zimbabwe"]
[BlackTeam "Bulgaria"]
[WhiteTeamCountry "ZIM"]
[BlackTeamCountry "BUL"]
[TimeControl "40/5400+30:1800+30"]

1. d4 d5 2. Nf3 e6 3. g3 Nf6 4. Bg2 Be7 5. O-O O-O 6. b3 a5 7. c4 c6 8. Nc3 b6 9. Qc2 Bb7 10. Bb2 Na6 11. a3 Rc8 12. Ne5 c5 13. e3 Qc7 14. f3 Rfd8 15. Rad1 cxd4 16. exd4 dxc4 17. Nxc4 Nd5 18. Nxd5 Bxd5 19. Rc1 b5 20. Ne3 Qxc2 21. Rxc2 Rxc2 22. Nxc2 Bxb3 23. Ne3 b4 24. Ra1 bxa3 25. Bxa3 Bf6 26. Bb2 a4 27. Bf1 Nc7 28. Rc1 Nd5 29. Kf2 h5 30. Bc4 Rb8 31. Ba1 Rc8 32. Bb2 Nxe3 33. Bxb3 Rxc1 34. Bxc1 Ng4+ 35. Ke2 axb3 36. fxg4 Bxd4 0-1

[Event "45th FIDE Womens Olympiad 2024"]
[Site "Budapest"]
[Date "2024.09.11"]
[Round "1.53"]
[White "Sakai, Azumi"]
[Black "Daulyte-Cornette, Deimante"]
[Result "0-1"]
[ECO "E12"]
[WhiteElo "1871"]
[BlackElo "2369"]
[Annotator "ChessBase"]
[PlyCount "90"]
[EventDate "2024.09.05"]
[EventType "team-tourn"]
[EventCountry "HUN"]
[SourceTitle "playchess.com"]
[Source "ChessBase"]
[SourceQuality "1"]
[WhiteTeam "Japan"]
[BlackTeam "France"]
[WhiteTeamCountry "JPN"]
[BlackTeamCountry "FRA"]
[TimeControl "40/5400+30:1800+30"]

1. d4 Nf6 2. c4 e6 3. Nf3 b6 4. a3 Ba6 5. Qc2 Bb7 6. Nc3 c5 7. d5 exd5 8. cxd5 Nxd5 9. g3 Nxc3 10. Qxc3 d5 11. Bg5 d4 12. Qc2 Be7 13. Bxe7 Qxe7 14. Bg2 Be4 15. Qa4+ Bc6 16. Qc2 O-O 17. O-O Be4 18. Qc4 Nc6 19. b4 cxb4 20. axb4 Nxb4 21. Ra4 a5 22. Qxd4 b5 23. Rxb4 Qxb4 24. Qxb4 axb4 25. Nd4 Bxg2 26. Kxg2 Rfc8 27. Rb1 Rc4 28. e3 Ra2 29. h3 h5 30. g4 h4 31. Kf3 g6 32. g5 Kf8 33. Nxb5 Ra5 34. Nd6 Rc6 35. Ne4 Rb6 36. Ke2 b3 37. Kd3 b2 38. Kc3 Ra1 39. Nd2 Rxb1 40. Nxb1 f6 41. Kc2 fxg5 42. f3 Rf6 43. Nd2 g4 44. Ne4 Rxf3 45. hxg4 h3 0-1

[Event "45th FIDE Womens Olympiad 2024"]
[Site "Budapest"]
[Date "2024.09.11"]
[Round "1.54"]
[White "Milliet, Sophie"]
[Black "Shibata, Misaki"]
[Result "1-0"]
[ECO "D02"]
[WhiteElo "2348"]
[BlackElo "1847"]
[Annotator "ChessBase"]
[PlyCount "79"]
[EventDate "2024.09.05"]
[EventType "team-tourn"]
[EventCountry "HUN"]
[SourceTitle "playchess.com"]
[Source "ChessBase"]
[SourceQuality "1"]
[WhiteTeam "France"]
[BlackTeam "Japan"]
[WhiteTeamCountry "FRA"]
[BlackTeamCountry "JPN"]
[TimeControl "40/5400+30:1800+30"]

1. d4 e6 2. c4 Nf6 3. Nf3 d5 4. g3 Bd6 5. Bg2 O-O 6. O-O h6 7. Nc3 Nc6 8. b3 dxc4 9. bxc4 e5 10. Rb1 Re8 11. dxe5 Nxe5 12. Nxe5 Bxe5 13. Qxd8 Rxd8 14. Nd5 Re8 15. Ba3 Nxd5 16. cxd5 Bd6 17. Bxd6 cxd6 18. e4 b6 19. Rfc1 f5 20. f3 fxe4 21. fxe4 Ba6 22. Rc6 Bd3 23. Re1 Rad8 24. Rc7 a5 25. Rc3 Ba6 26. Rb1 Rb8 27. a4 Re7 28. Rbc1 Kf8 29. Rb3 Reb7 30. Rc6 Ke7 31. Re3 Rd7 32. e5 dxe5 33. Rxe5+ Kd8 34. Ree6 Bd3 35. Rxb6 Rxb6 36. Rxb6 Bc2 37. d6 Ra7 38. Bc6 Kc8 39. Rb2 Bf5 40. Rf2 1-0

[Event "45th FIDE Womens Olympiad 2024"]
[Site "Budapest"]
[Date "2024.09.11"]
[Round "1.55"]
[White "Kinoshita, Kanako"]
[Black "Guichard, Pauline"]
[Result "0-1"]
[ECO "A34"]
[WhiteElo "1822"]
[BlackElo "2374"]
[Annotator "ChessBase"]
[PlyCount "72"]
[EventDate "2024.09.05"]
[EventType "team-tourn"]
[EventCountry "HUN"]
[SourceTitle "playchess.com"]
[Source "ChessBase"]
[SourceQuality "1"]
[WhiteTeam "Japan"]
[BlackTeam "France"]
[WhiteTeamCountry "JPN"]
[BlackTeamCountry "FRA"]
[TimeControl "40/5400+30:1800+30"]

1. c4 c5 2. Nc3 Nf6 3. g3 d5 4. cxd5 Nxd5 5. Bg2 Nc7 6. Nf3 Nc6 7. O-O e5 8. b3 Be7 9. Bb2 O-O 10. Rc1 f6 11. d3 Be6 12. Nd2 Qd7 13. Qc2 Rad8 14. Rfd1 Nd4 15. Qb1 Ncb5 16. Re1 Bg4 17. f3 Bf5 18. e4 Be6 19. Nd1 Nc6 20. Nf2 Nbd4 21. Kh1 b5 22. Ba3 Nb4 23. Bb2 a5 24. Bxd4 Qxd4 25. Re2 Nxd3 26. Rf1 Nxf2+ 27. Rexf2 c4 28. bxc4 bxc4 29. Qc2 Rb8 30. Nb1 c3 31. Qc1 Bc4 32. Rc2 Bd3 33. Rd1 Bxc2 34. Qxc2 Rb2 35. Qc1 c2 36. Rxd4 Rxb1 0-1

[Event "45th FIDE Womens Olympiad 2024"]
[Site "Budapest"]
[Date "2024.09.11"]
[Round "1.56"]
[White "Benmesbah, Natacha"]
[Black "Mitsuyama, Rikka"]
[Result "1-0"]
[ECO "C54"]
[WhiteElo "2258"]
[BlackElo "1738"]
[Annotator "ChessBase"]
[PlyCount "77"]
[EventDate "2024.09.05"]
[EventType "team-tourn"]
[EventCountry "HUN"]
[SourceTitle "playchess.com"]
[Source "ChessBase"]
[SourceQuality "1"]
[WhiteTeam "France"]
[BlackTeam "Japan"]
[WhiteTeamCountry "FRA"]
[BlackTeamCountry "JPN"]
[TimeControl "40/5400+30:1800+30"]

1. e4 e5 2. Nf3 Nc6 3. Bc4 Bc5 4. c3 Nf6 5. d3 O-O 6. Nbd2 d5 7. exd5 Nxd5 8. Ne4 Be7 9. O-O Nb6 10. Bb5 f6 11. a4 Qd5 12. Be3 a6 13. Bxb6 axb5 14. Bxc7 bxa4 15. Rxa4 Be6 16. Rxa8 Rxa8 17. c4 Qd7 18. Bb6 Nb4 19. Bc5 Rd8 20. Bxb4 Bxb4 21. Qb3 Bf8 22. Nc3 Qxd3 23. Qxb7 Bxc4 24. Rc1 Bc5 25. h3 Ba6 26. Qb3+ Bc4 27. Qa4 Qd7 28. Qxc4+ Kh8 29. Qxc5 Rc8 30. Qe3 Qb7 31. Ne4 Rd8 32. Nc5 Qxb2 33. Ne6 Re8 34. Rc7 Qb1+ 35. Qc1 Qb6 36. Nxg7 Rg8 37. Nf5 Qe6 38. Rxh7+ Kxh7 39. Qh6# 1-0

[Event "45th FIDE Womens Olympiad 2024"]
[Site "Budapest"]
[Date "2024.09.11"]
[Round "1.57"]
[White "Park, Sunwoo"]
[Black "Houska, Jovanka"]
[Result "0-1"]
[ECO "B12"]
[WhiteElo "1877"]
[BlackElo "2333"]
[Annotator "ChessBase"]
[PlyCount "80"]
[EventDate "2024.09.05"]
[EventType "team-tourn"]
[EventCountry "HUN"]
[SourceTitle "playchess.com"]
[Source "ChessBase"]
[SourceQuality "1"]
[WhiteTeam "South Korea"]
[BlackTeam "England"]
[WhiteTeamCountry "KOR"]
[BlackTeamCountry "ENG"]
[TimeControl "40/5400+30:1800+30"]

1. e4 c6 2. d4 d5 3. e5 Bf5 4. Nf3 e6 5. Be2 Ne7 6. O-O Ng6 7. Be3 Nd7 8. a4 f6 9. exf6 Qxf6 10. c4 Bd6 11. cxd5 exd5 12. Bg5 Qf7 13. Nh4 Nxh4 14. Bxh4 O-O 15. Nd2 Nf6 16. Qb3 Rae8 17. Bd3 Bc8 18. Bxf6 Qxf6 19. Ne4 Rxe4 20. Bxe4 Qf4 21. Bxd5+ cxd5 22. Qxd5+ Kh8 23. g3 Qf6 24. f4 Rd8 25. Rac1 Be6 26. Qe4 Qf7 27. f5 Bd5 28. Qd3 Be7 29. Rc7 Qf8 30. a5 Bf6 31. Rc5 Bc6 32. Rxc6 bxc6 33. Qf3 Bxd4+ 34. Kg2 Rd5 35. Re1 h6 36. g4 Bxb2 37. Re2 Bf6 38. a6 Qd8 39. Qf2 c5 40. h4 Bxh4 0-1

[Event "45th FIDE Womens Olympiad 2024"]
[Site "Budapest"]
[Date "2024.09.11"]
[Round "1.58"]
[White "Hunt, Harriet V"]
[Black "Khan, Anastasia"]
[Result "1-0"]
[ECO "B31"]
[WhiteElo "2304"]
[BlackElo "1859"]
[Annotator "ChessBase"]
[PlyCount "59"]
[EventDate "2024.09.05"]
[EventType "team-tourn"]
[EventCountry "HUN"]
[SourceTitle "playchess.com"]
[Source "ChessBase"]
[SourceQuality "1"]
[WhiteTeam "England"]
[BlackTeam "South Korea"]
[WhiteTeamCountry "ENG"]
[BlackTeamCountry "KOR"]
[TimeControl "40/5400+30:1800+30"]

1. e4 c5 2. Nf3 Nc6 3. Bb5 g6 4. O-O Bg7 5. Re1 e5 6. Bxc6 bxc6 7. d3 d6 8. Be3 Nf6 9. h3 Nd7 10. Qd2 h6 11. Nc3 Nf8 12. Ne2 Ne6 13. c3 f5 14. exf5 gxf5 15. d4 cxd4 16. cxd4 e4 17. Nh2 d5 18. Nf4 Nxf4 19. Bxf4 Kf7 20. Nf1 Qb6 21. Red1 Ba6 22. Ng3 Kg6 23. Bd6 Qd8 24. Bf4 Bd3 25. Ne2 Qh4 26. Bg3 Qf6 27. Be5 Qg5 28. Nf4+ Kf7 29. Bxg7 Kxg7 30. Ne6+ 1-0